cohdb
Replays
Latest Replays
All Replays
Popular Replays
Top Player Replays
Match Explorer
How It Works
Community
CoH3 Stats
Reddit
Sign in to upload your games and track your stats! →
Sign in with Steam
Match 41426595
Unlisted
Match 41426595
Overview
Messages
Build Orders
End
Selects Canadian Shock Battlegroup
Construct Section Command Post
Vickers Machine Gun Team
Infantry Section
ML 3-inch Mortar Team
Infantry Section
Infantry Section
Selects Incendiary Munitions
Grenade Package
Construct Platoon Command Post
Construct Field Infirmary
6-pounder Anti-tank Gun Team
Humber Armored Car
Selects Pyrotechnics
Construct Company Command Post
Foot Guards Section
Royal Engineer Section
NP97
zofldj
Stripkip
Freeze
KoMoDЫ4
_Nemez_
0
0
Comments
sign in to comment!
No comments posted yet!